 Dungeon Crawl Stone Soup version 0.28-a0-1518-gbe868bca14 (webtiles) character file.

Game seed: 10555171724342767819

459 Anathary the Covered (level 7, -6/55 HPs)
             Began as a Formicid Fighter on Jan 17, 2022.
             Was an Initiate of Cheibriados.
             Mangled by a gnoll (14 damage)
             ... on level 5 of the Dungeon.
             The game lasted 00:16:57 (6559 turns).

Anathary the Covered (Formicid Fighter)             Turns: 6559, Time: 00:16:57

Health: -6/55      AC:  8    Str: 24    XL:     7   Next: 27%
Magic:  7/7        EV: 10    Int:  8    God:    Cheibriados [......]
Gold:   198        SH: 10    Dex: 11    Spells: 6/6 levels left

rFire   . . .      SeeInvis +   a - +0 long sword
rCold   + . .      Faith    .   c - +0 buckler
rNeg    . . .      Spirit   .   r - +2 ring mail {rC+}
rPois   .          Reflect  +   (helmet unavailable)
rElec   .          Harm     .   (no cloak)
rCorr   .          Rampage  .   (no gloves)
Will    .....                   (no boots)
Stlth   +.........              b - amulet of reflection
HPRegen 0.18/turn               (no ring)
MPRegen 0.10/turn               (no ring)

@: very slow
A: permanent stasis, dig shafts and tunnels, antennae 3, four strong arms
a: Dig, Shaft Self, Renounce Religion


You were on level 5 of the Dungeon.
You worshipped Cheibriados.
Cheibriados was noncommittal.
You visited 2 branches of the dungeon, and saw 8 of its levels.
You also visited: Sewer.

You collected 198 gold pieces.

Inventory:

Hand Weapons
 a - a +0 long sword (weapon)
Armour
 c - a +0 buckler (worn)
 r - a +2 ring mail of cold resistance (worn)
Jewellery
 b - an amulet of reflection (around neck)
 i - an amulet of guardian spirit
 t - a ring of fire
Scrolls
 e - 6 scrolls of identify {unknown}
 f - a scroll of fear {unknown}
 g - a scroll of enchant armour {unknown}
 j - a scroll of enchant weapon {unknown}
 l - a scroll of amnesia {unknown}
 q - a scroll of teleportation {unknown}
Potions
 d - a potion of haste {unknown}
 h - a potion of attraction {unknown}
 k - 4 potions of curing {unknown}
 m - 3 potions of invisibility {unknown}
 n - a potion of heal wounds {unknown}
 o - 2 potions of cancellation {unknown}
 p - a potion of magic {unknown}
 s - a potion of brilliance {unknown}
 u - a potion of mutation {unknown}


   Skills:
 + Level 4.6 Fighting
 + Level 4.7 Long Blades
 + Level 5.3 Armour
 + Level 0.8 Stealth
 + Level 4.7 Shields


You had 6 spell levels left.
You didn't know any spells.
Your spell library contained the following spells:

 Spells                   Type           Power      Damage    Failure   Level
 Sandblast                Erth           0%         2d4       63%         1
 Summon Small Mammal      Summ           0%         N/A       63%         1
 Passwall                 Tmut/Erth      0%         N/A       77%         2
 Call Canine Familiar     Summ           0%         N/A       94%         3
 Stone Arrow              Conj/Erth      0%         3d7       94%         3
 Summon Guardian Golem    Hex/Summ       0%         N/A       94%         3
 Animate Armour           Summ/Erth      0%         N/A       100%        4
 Lehudib's Crystal Spear  Conj/Erth      0%         10d2      100%        8


Dungeon Overview and Level Annotations

Branches:
Dungeon (7/15)             Temple (1/1) D:4           Sewer (visited)

Altars:
Ashenzari
Cheibriados
Dithmenos
Elyvilon
Fedhas
Gozag
Hepliaklqana
Kikubaaqudgha
Makhleb
Nemelex Xobeh
Okawaru
Qazlal
Ru
Sif Muna
Trog
Uskayaw
Vehumet
Wu Jian
Xom
Yredelemnul
Zin
The Shining One

Shops:
D:3 =


Innate Abilities, Weirdness & Mutations

You cannot be hasted, slowed, berserked, paralysed or teleported.
You can dig through walls and to a lower floor.
You have a pair of large antennae on your head. (SInv)
Your four strong arms can wield two-handed weapons with a shield.


Message History

Items here: )) [ †.
Items here: )) [ †.
The gnoll closely misses you.
You barely miss the gnoll. You block the gnoll's attack.
You hit the gnoll but do no damage. The gnoll hits you with a +0 flail.
The gnoll goes berserk!
The gnoll hits you with a +0 flail.
You barely miss the gnoll. The gnoll completely misses you.
You barely miss the gnoll. The gnoll misses you. The gnoll closely misses you.
You hit the gnoll.
The gnoll is lightly wounded.
The gnoll closely misses you. The gnoll hits you with a +0 flail!
You slash the gnoll!
The gnoll is moderately wounded.
The gnoll barely misses you. The gnoll hits you with a +0 flail.
You hit the gnoll but do no damage.
The gnoll is moderately wounded.
The gnoll misses you. The gnoll hits you with a +0 flail.
You hit the gnoll.
The gnoll is heavily wounded.
You block the gnoll's attack.
You closely miss the gnoll.
The gnoll is heavily wounded.
You block the gnoll's attack. x2
You hit the gnoll.
The gnoll is severely wounded.
The gnoll barely misses you. The gnoll hits you with a +0 flail!
You hit the gnoll.
The gnoll is severely wounded.
The gnoll misses you. x2
You barely miss the gnoll.
The gnoll is severely wounded.
The gnoll hits you with a +0 flail!
* * * LOW HITPOINT WARNING * * *
You barely miss the gnoll.
The gnoll is severely wounded.
You block the gnoll's attack. x2
You closely miss the gnoll.
The gnoll is severely wounded.
The gnoll closely misses you. The gnoll hits you with a +0 flail!
You die...

## . .. . #.
{ .. .. #g
#.. . #####
#. ... .
#...# #.#####
#.# #...####
#.g@..#...
#<.....#
#####.#.#
#...##.#
######...####
######.#
#...).......#
#.#
#.#########.#
###'###.####
#
#.....#....#
#.....#.##.#
#........# #


You could see a gnoll (berserk).

Vanquished Creatures
  A howler monkey (D:4)
  A bullfrog zombie (D:5)
  4 jellies (Sewer)
  An iguana (D:4)
  An orc wizard (D:4)
  A hound skeleton (D:5)
  2 gnolls
  4 adders
  2 river rats (Sewer)
  A white imp (D:4)
  An ufetubus (D:4)
  4 worms
  2 dart slugs
  3 orcs
  11 ball pythons
  13 endoplasms
  7 giant cockroaches
  6 goblins
  5 hobgoblins
  7 quokkas
  3 bats
  7 frilled lizards
  7 kobolds
  7 rats
101 creatures vanquished.

Notes
Turn   | Place    | Note
-------+----------+-------------------------------------------
     0 | D:1      | Anathary the Formicid Fighter began the quest for the Orb.
     0 | D:1      | Reached XP level 1. HP: 18/18 MP: 1/1
   251 | D:1      | Reached XP level 2. HP: 9/24 MP: 2/2
   895 | D:1      | Reached XP level 3. HP: 28/29 MP: 3/3
  1834 | D:2      | Reached XP level 4. HP: 37/37 MP: 4/4
  2598 | D:3      | Found a faded altar of an unknown god.
  2605 | D:3      | Reached skill level 4 in Armour
  2737 | D:3      | Found a glowing drain.
  2768 | Sewer    | Entered a sewer
  2990 | Sewer    | Reached XP level 5. HP: 17/42 MP: 5/5
  3653 | Sewer    | HP: 2/42 [ball python (1)]
  3655 | Sewer    | Reached XP level 6. HP: 3/49 MP: 6/6
  3973 | Sewer    | Found a viscous altar of Jiyva.
  4029 | Sewer    | Reached skill level 5 in Armour
  4584 | D:3      | Found Boired's Jewellery Shop.
  5050 | D:4      | You fall into a shaft and drop 3 floors!
  5111 | D:5      | Entered Level 5 of the Dungeon
  5181 | D:4      | Found a staircase to the Ecumenical Temple.
  5189 | Temple   | Entered the Ecumenical Temple
  5293 | Temple   | Became a worshipper of Cheibriados the Contemplative
  5603 | D:4      | Reached XP level 7. HP: 47/55 MP: 7/7
  6003 | D:4      | Found a stormy altar of Qazlal.
  6559 | D:5      | Mangled by a gnoll

Illustrated notes

Levels and vault maps discovered:
D:1:      lightli_arrival_lavapool, layout_rooms
D:2:      wad_pebble_path, layout_basic, serial_corexii_hall,
          corexii_hall_statues_i, corexii_hall_statues_x
D:3:      layout_loops_ring, portal_sewer_entry_f,
          dreamdust_ecumenical_altar_grove, serial_shops, shop
D:4:      layout_loops_ring, nicolae_qazlal_eye_of_the_storm,
          minmay_temple_entry_gardened_gates
D:5:      layout_basic, serial_shops, shop_coins, nicolae_shop_advertising_works
          [nicolae_subvault_shop_adworks], shop_fountains, nicolae_shop_stone,
          chequers_serial_rivers_micro_c
D:6:      layout_loops_ring
D:7:      layout_basic
Temple:   kilobyte_greek_temple

Skill      XL: |  1  2  3  4  5  6 |
---------------+-------------------+-----
Shields        | 4 |  4.7
Armour         | 4 5 |  5.3
Fighting       | 4 |  4.6
Long Blades    | 3 4 |  4.7
Stealth        | |  0.8

Action                   |  1- 3 |  4- 6 |  7- 9 || total
-------------------------+-------+-------+-------++-------
Melee: Long sword        |   104 |   206 |    38 ||   348
  Use: Potion            |       |     1 |       ||     1
Armor: Scale mail        |    67 |       |       ||    67
       Ring mail         |       |    76 |     9 ||    85
Dodge: Dodged            |    44 |   119 |    19 ||   182
Block: Buckler           |    24 |    64 |    23 ||   111
       Reflection        |       |       |     1 ||     1

Table legend: (Time is in decaauts)
 A = Elapsed time spent in this place.
 B = Non-inter-level travel time spent in this place.
 C = Inter-level travel time spent in this place.
 D = Time resting spent in this place.
 E = Time spent auto-exploring this place.
 F = Levels seen in this place.
 G = Mean time per level.
                   A        B        C        D        E       F      G
               +--------+--------+--------+--------+--------+-----+--------+
         Total |   7007 |   6722 |    285 |   2986 |   1558 |   9 |  778.6 |
       Dungeon |   5294 |   5009 |    285 |   1761 |   1558 |   7 |  756.3 |
        Temple |    160 |    160 |      0 |      0 |      0 |   1 |  160.0 |
         Sewer |   1552 |   1552 |      0 |   1225 |      0 |   1 | 1552.0 |
               +--------+--------+--------+--------+--------+-----+--------+

Top non-repeatable levels by time:
     D:4: 1689 daAuts
   Sewer: 1552 daAuts
     D:1: 1440 daAuts
     D:2: 1175 daAuts
     D:3: 760 daAuts
     D:5: 167 daAuts
  Temple: 160 daAuts
     D:6: 41 daAuts
     D:7: 18 daAuts
